Map: [ESL] Inside and Out

Players

MeomaikA

  • Race: Zerg Zerg
  • Spawn Location: 7:00

Vindicta - Winner!

  • Race: Terran Terran
  • Spawn Location: 1:00

Event: DreamHack SC2 Masters 2022 Valencia

VOD

Have the link to the VOD?

Description

Time

  • Played on: July 2, 2022, 3:30 a.m.
  • Length: 12:10

All games in this series

Show
View Real Time Build Order
Export as new Build Order

MeomaikA Zerg 

Build Orders: Pool First 

Get SALT Encoding   

  12  0:00  Drone  
  13  0:07  Drone  
  14  0:16  Overlord  
  14  0:24  Extractor  
  14  0:25  Drone  
  15  0:34  Drone x2  
  17  0:44  Spawning Pool  
  17  0:47  Drone  
  17  1:08  Hatchery  
  17  1:10  Drone  
  17  1:14  Extractor  
  17  1:15  Drone  
  17  1:18  Drone  
  18  1:27  Drone  
  18  1:32  Queen  
  21  1:38  Overlord  
  21  1:47  Drone  
  22  1:58  Drone  
  23  2:07  Queen  
  25  2:10  Drone  
  25  2:13  Metabolic Boost  
  26  2:19  Queen  
  26  2:20  Drone x2  
  30  2:31  Drone x2  
  32  2:39  Drone x2  
  32  2:43  Drone x2  
  36  2:45  Overlord  
  36  2:58  Hatchery  
  35  3:09  Drone x4  
  39  3:15  Drone x2  
  39  3:17  Drone  
  39  3:19  Zergling x4  
  44  3:24  Baneling Nest  
  44  3:25  Evolution Chamber  
  42  3:27  Drone x2  
  44  3:41  Overlord  
  44  3:42  Overlord  
  44  3:43  Lair  
  44  3:44  Drone, Extractor  
  44  4:00  Zergling x14  
  44  4:01  Zergling x2  
  44  4:02  Zergling x4  
  54  4:05  Zerg Ground Armor Level 1  
  54  4:08  Zergling x2  
  54  4:12  Zergling x4  
  56  4:19  Zergling x2  
  56  4:21  Zergling x2  
  56  4:22  Zergling x6  
  56  4:23  Zergling x2  
  62  4:27  Baneling x3  
  62  4:30  Baneling x2  
  62  4:32  Zergling x4  
  62  4:35  Zergling x2  
  65  4:41  Overlord  
  65  4:45  Drone  
  66  4:47  Overlord  
  66  4:57  Overlord  
  66  5:00  Drone x3  
  66  5:01  Drone x2  
  66  5:02  Drone  
  66  5:03  Hatchery  
  66  5:06  Drone x2  
  73  5:07  Drone  
  73  5:11  Drone x2  
  73  5:14  Drone x2  
  78  5:18  Centrifugal Hooks  
  78  5:24  Drone x3  
  78  5:25  Zergling x2  
  78  5:26  Drone  
  83  5:30  Zergling x6  
  83  5:35  Overlord  
  86  5:36  Zergling x4  
  86  5:37  Zergling x2  
  86  5:39  Zergling x2  
  90  5:47  Overlord  
  90  5:53  Overlord  
  90  5:56  Zergling x8  
  90  5:57  Evolution Chamber, Queen, Zergling x2  
  94  6:02  Zerg Ground Armor Level 2, Zergling x4  
  98  6:06  Overlord  
  98  6:08  Overlord  
  98  6:18  Zergling x2  
  98  6:21  Overlord  
  98  6:22  Zerg Melee Weapons Level 1  
  98  6:23  Drone x4  
  98  6:24  Drone  
  98  6:25  Drone x2  
  105  6:27  Zergling x6  
  105  6:31  Zergling x2  
  108  6:33  Zergling x2  
  108  6:37  Drone x2  
  108  6:38  Extractor  
  110  6:41  Overlord  
  110  6:46  Overlord  
  110  6:47  Drone  
  110  6:48  Drone  
  112  6:54  Overlord  
  112  6:55  Drone x4  
  112  6:56  Zergling x4  
  112  6:57  Zergling x2  
  112  6:58  Overlord  
  119  7:01  Zergling x2  
  119  7:02  Zergling x6  
  119  7:05  Zergling x6  
  119  7:06  Zergling x4  
  127  7:10  Infestation Pit  
  127  7:14  Zergling x4  
  128  7:17  Overlord, Zergling x2  
  129  7:23  Zergling x2  
  129  7:24  Zergling x8  
  129  7:28  Drone x6  
  139  7:33  Zergling x2  
  139  7:34  Zergling x4  
  139  7:36  Zergling x2  
  143  7:38  Overlord  
  143  7:39  Zergling x4  
  145  7:45  Zergling x6  
  145  7:46  Overlord  
  145  7:47  Hive  
  145  7:50  Zergling x2  
  145  7:51  Zergling x4  
  151  7:52  Zergling x2  
  151  7:53  Baneling x20  
  151  7:54  Zergling x2  
  151  7:58  Zergling x4  
  155  8:00  Zergling x2  
  155  8:01  Zergling x2  
  155  8:02  Zergling x4  
  155  8:03  Queen  
  155  8:04  Spore Crawler  
  160  8:06  Zergling x2  
  160  8:09  Hatchery  
  160  8:10  Zergling x2  
  160  8:12  Zergling x2  
  161  8:13  Zergling x2  
  161  8:15  Zergling x2  
  161  8:18  Zergling x4  
  161  8:19  Zergling x6  
  164  8:21  Zergling x2  
  164  8:26  Spore Crawler, Drone, Zergling x8  
  170  8:28  Zergling x2  
  168  8:34  Zergling x2  
  168  8:38  Zergling x2  
  168  8:39  Zergling x2  
  168  8:40  Zergling x4  
  168  8:41  Zergling x2  
  157  8:45  Zergling x2  
  157  8:47  Zergling x2  
  131  8:48  Zergling x2  
  131  8:50  Zergling x2  
  131  8:51  Zergling x2  
  131  8:53  Zergling x2  
  121  8:56  Zergling x2  
  121  8:58  Zergling x2  
  121  8:59  Zerg Ground Armor Level 3, Zerg Melee Weapons Level 2  
  121  9:00  Zergling x2  
  120  9:03  Zergling x2  
  120  9:04  Queen x3  
  120  9:05  Queen  
  120  9:06  Zergling x2  
  120  9:09  Zergling x2  
  131  9:10  Spore Crawler, Zergling x2  
  131  9:11  Baneling x2  
  131  9:12  Zergling x2  
  131  9:14  Zergling x4  
  134  9:19  Zergling x4  
  134  9:22  Zergling x4, Baneling  
  134  9:23  Baneling x6  
  138  9:24  Drone  
  138  9:25  Extractor  
  138  9:26  Drone  
  138  9:27  Drone x2  
  138  9:29  Zergling x2  
  138  9:30  Zergling x2  
  143  9:35  Drone x5  
  143  9:36  Drone x2  
  143  9:37  Drone  
  150  9:40  Zergling x4  
  150  9:43  Zergling x4  
  152  9:51  Adrenal Glands  
  152  9:54  Drone x3  
  152  9:55  Drone x3, Zergling x4  
  152  9:56  Zergling x4  
  152  9:59  Baneling x5  
  162  10:04  Zergling x2  
  162  10:05  Spore Crawler x2, Zergling x2  
  162  10:06  Spore Crawler, Spine Crawler, Zergling x2  
  161  10:12  Drone x4  
  161  10:13  Drone  
  167  10:14  Zergling x6  
  167  10:15  Drone  
  167  10:19  Drone  
  167  10:21  Drone x4  
  174  10:23  Drone x2  
  174  10:24  Zergling x2  
  174  10:26  Drone  
  175  10:34  Drone  
  175  10:35  Drone  
  175  10:38  Drone x2  
  175  10:39  Drone  
  175  10:40  Zergling x6  
  153  10:45  Spore Crawler, Zergling x10  
  153  10:47  Zergling x4  
  153  10:49  Zergling x2  
  158  10:52  Zergling x4  
  158  10:56  Zergling x2  
  139  10:57  Zergling x4  
  139  10:58  Zergling x4  
  139  11:01  Queen, Drone x2  
  139  11:03  Zergling x2  
  148  11:08  Zergling x2  
  148  11:09  Zergling x2  
  144  11:12  Zergling x2  
  144  11:13  Zergling x4  
  147  11:23  Zergling x4, Hatchery  
  147  11:24  Ultralisk Cavern, Extractor x2, Zergling x2  
  146  11:28  Zergling x2  
  131  11:33  Zergling x4  
  131  11:34  Zergling x4  
  131  11:35  Zergling x4  
  131  11:36  Zergling x2  
  131  11:39  Zergling x4  
  135  11:42  Zergling x6  
  135  11:43  Baneling x15  
  135  11:44  Zergling x8  
  135  11:46  Zergling x4  
  131  11:50  Zergling x2  
  131  11:53  Zergling x4  
Show
View Real Time Build Order
Export as new Build Order

Vindicta Terran - Winner!

Build Orders: Reaper Expand 

Get SALT Encoding   

  12  0:00  SCV  
  13  0:12  SCV  
  14  0:17  Supply Depot  
  14  0:24  SCV  
  15  0:39  Barracks, SCV  
  16  0:43  Refinery  
  16  0:51  SCV  
  17  1:03  SCV  
  18  1:15  SCV  
  19  1:27  Reaper  
  19  1:28  Orbital Command  
  20  1:42  Command Center  
  20  1:51  Supply Depot  
  20  1:53  SCV  
  21  1:59  Marine  
  22  2:05  SCV  
  23  2:11  Factory  
  23  2:17  SCV, Marine  
  23  2:21  Refinery  
  25  2:29  SCV  
  26  2:36  Barracks Reactor  
  26  2:39  Barracks  
  26  2:42  SCV  
  27  2:54  SCV  
  27  2:57  Orbital Command  
  28  3:06  SCV  
  28  3:09  Factory Tech Lab  
  28  3:12  Marine x2  
  29  3:18  SCV  
  29  3:19  Supply Depot  
  31  3:23  SCV  
  32  3:30  SCV, Marine x2  
  32  3:33  Stimpack  
  32  3:34  Factory Tech Lab, Marine  
  35  3:35  SCV  
  37  3:42  SCV  
  37  3:45  Starport  
  37  3:47  SCV  
  39  3:50  Marine  
  39  3:54  SCV  
  39  3:55  Siege Tank  
  44  3:59  SCV  
  44  4:01  Marine  
  44  4:06  SCV  
  46  4:11  SCV  
  46  4:15  Supply Depot  
  46  4:16  Marine  
  48  4:18  SCV  
  48  4:20  Marine  
  49  4:26  SCV  
  49  4:30  SCV  
  51  4:31  Starport Reactor  
  50  4:38  SCV  
  50  4:39  Marine, Command Center  
  50  4:40  Marine  
  50  4:42  Marine  
  54  4:46  Supply Depot  
  54  4:48  SCV  
  54  4:50  SCV  
  56  4:55  Supply Depot  
  56  4:57  Marine  
  58  5:00  SCV  
  58  5:06  Engineering Bay  
  60  5:07  Engineering Bay  
  60  5:10  Medivac x2  
  60  5:13  Combat Shield  
  63  5:16  Siege Tank  
  63  5:17  SCV  
  63  5:21  Marine x2  
  68  5:24  Marine  
  69  5:29  SCV  
  69  5:30  Refinery  
  69  5:31  Refinery  
  69  5:32  Terran Infantry Weapons Level 1  
  69  5:33  SCV  
  71  5:38  Marine, Supply Depot  
  71  5:39  Marine  
  74  5:42  SCV  
  74  5:46  SCV  
  74  5:47  Terran Infantry Armor Level 1  
  76  5:53  Orbital Command  
  76  5:55  SCV  
  76  5:56  Marine  
  78  6:01  SCV  
  78  6:02  Marine  
  78  6:03  Barracks  
  79  6:05  Marine  
  79  6:06  Starport Reactor  
  79  6:07  SCV  
  81  6:11  Siege Tank  
  81  6:13  SCV  
  81  6:14  Marine  
  86  6:19  Supply Depot  
  86  6:21  Marine  
  86  6:23  SCV x2  
  86  6:24  Supply Depot  
  89  6:33  Marine  
  89  6:38  SCV x2  
  89  6:39  Marine  
  94  6:40  Barracks  
  94  6:42  Barracks, Medivac  
  94  6:44  Medivac  
  97  6:50  Siege Tank  
  97  6:51  Marine  
  102  6:56  Marine  
  102  6:57  Marine  
  102  6:58  SCV x2  
  105  7:06  Marine  
  105  7:08  Armory  
  104  7:10  Marine  
  104  7:11  Factory, Marine  
  106  7:16  Liberator  
  106  7:22  SCV, Marine x2  
  110  7:24  Marine  
  110  7:28  Marine  
  110  7:29  Barracks Tech Lab, Barracks Reactor  
  113  7:34  SCV x2, Marine  
  116  7:38  Supply Depot  
  116  7:40  Marine  
  117  7:48  Marine  
  117  7:52  Supply Depot  
  117  7:57  Drilling Claws, Factory Reactor  
  117  8:00  SCV, Marine, Liberator  
  117  8:01  Terran Infantry Weapons Level 2  
  117  8:02  Supply Depot  
  122  8:07  Marine x2  
  122  8:08  Marine  
  122  8:10  Supply Depot  
  125  8:16  Orbital Command  
  125  8:17  Marine x2  
  125  8:18  Marauder  
  127  8:22  SCV x2  
  127  8:25  Widow Mine  
  127  8:26  Marine  
  132  8:30  Marine  
  132  8:32  Marine x2  
  132  8:33  Marine  
  133  8:34  SCV x2  
  133  8:37  Widow Mine  
  133  8:38  Marine x2  
  127  8:42  Marine  
  127  8:46  Widow Mine  
  123  8:49  Marine  
  123  8:50  SCV  
  123  8:51  SCV  
  123  8:55  SCV  
  100  9:02  Terran Infantry Armor Level 2  
  99  9:06  Medivac  
  99  9:09  Widow Mine  
  103  9:11  SCV x2  
  103  9:13  SCV  
  103  9:16  Marine  
  107  9:20  Widow Mine  
  112  9:26  Widow Mine  
  112  9:28  Supply Depot  
  112  9:30  Marine, Widow Mine  
  114  9:33  SCV x2  
  114  9:36  Marine  
  114  9:37  Marine  
  118  9:39  Supply Depot  
  118  9:42  Marine  
  118  9:43  SCV, Marine  
  118  9:45  Marine  
  121  9:48  Widow Mine  
  121  9:49  Widow Mine  
  127  9:53  SCV x2  
  127  9:57  Supply Depot  
  127  9:59  Liberator x2  
  131  10:00  Marine  
  131  10:01  Marine  
  131  10:03  Marine  
  131  10:05  SCV x2  
  131  10:06  Marine x2  
  138  10:09  SCV, Marine  
  140  10:17  SCV  
  140  10:22  Marine  
  140  10:23  Widow Mine  
  140  10:25  Marine, Marauder  
  140  10:26  Marine x2, Marauder, Widow Mine  
  140  10:27  Marine x2  
  144  10:35  SCV  
  145  10:40  Marine  
  145  10:42  Medivac  
  139  10:43  Marine x2  
  139  10:44  Marine x2  
  139  10:45  Marine  
  139  10:46  Marauder  
  139  10:47  Marauder  
  148  10:51  Widow Mine  
  148  10:52  Supply Depot  
  126  10:57  SCV  
  126  10:58  Marine  
  126  11:01  Marine  
  126  11:04  SCV x2, Widow Mine  
  131  11:08  Marauder  
  131  11:09  Marauder  
  135  11:14  Marine  
  135  11:15  Marine, Command Center  
  135  11:18  Marine, Widow Mine  
  140  11:19  Widow Mine  
  140  11:20  Medivac  
  139  11:26  Marine x2  
  139  11:29  Marine, Marauder  
  139  11:32  Marine  
  139  11:33  Marauder  
  139  11:34  Marine  
  139  11:38  Supply Depot  
  141  11:40  Widow Mine  
  141  11:42  Marine  
  141  11:45  SCV  
  143  11:47  Supply Depot  
  143  11:48  Widow Mine  
  147  11:57  Refinery  
  147  11:59  Refinery  

Tags
 
Add a new tag
Caveats
  • Supply blocks, unpowered buildings, or Contaminate may cause inaccurate times.
  • Supply counts are checked every 10 seconds.